 Dungeon Crawl Stone Soup version 0.29-a0-378-gc08b2e8bf8 (webtiles) character file.

Game seed: 11808162505153553032

1620 Kenran the Gouger (level 8, -2/37 HPs)
             Began as a Felid Transmuter on May 5, 2022.
             Was an Initiate of Ru.
             Killed from afar by Psyche (7 damage)
             ... with a puff of flame
             ... on level 8 of the Dungeon.
             The game lasted 00:33:39 (15603 turns).

Kenran the Gouger (Felid Transmuter)               Turns: 15603, Time: 00:33:39

Health: -2/37      AC:  6    Str:  6    XL:     8   Next: 64%
Magic:  9/13       EV: 41    Int: 16    God:    Ru [......]
Gold:   487        SH:  0    Dex: 24    Spells: 5/13 levels left
                                        Lives:  0   Deaths: 2

rFire   . . .      SeeInvis +     - Unarmed
rCold   . . .      Faith    .   (shield unavailable)
rNeg    . . .      Spirit   .   (body armour unavailable)
rPois   x          Reflect  .   (helmet unavailable)
rElec   .          Harm     .   (cloak unavailable)
rCorr   .          Rampage  .   (gloves unavailable)
Will    +....                   (boots unavailable)
Stlth   ++++......              m - amulet of the acrobat
HPRegen 0.12/turn               j - +4 ring of protection
MPRegen 0.13/turn               (no ring)

@: lethally poisoned (-2 -> -3), spider-form (expiring), acrobatic
A: venomous fangs, tiny, (claws 1), (fangs 3), see invisible, (speed 1), (shaggy
fur 2), (stealthy paws), no weapons or thrown items, no armour, multi-lived
a: End Transformation, Renounce Religion


You were on level 8 of the Dungeon.
You worshipped Ru.
Ru was noncommittal.
You were a venomous arachnid creature.
You visited 2 branches of the dungeon, and saw 10 of its levels.

You collected 487 gold pieces.

Inventory:

Jewellery
 j - a +4 ring of protection (left front leg)
 m - an amulet of the acrobat (around neck)
Wands
 n - a wand of digging (1)
Scrolls
 a - a scroll of enchant armour
 b - a scroll of immolation {unknown}
 d - a scroll of acquirement {unknown}
 e - a scroll of fog {unknown}
 f - 3 scrolls of teleportation
 g - a scroll of torment {unknown}
 k - a scroll of fear {unknown}
 o - a scroll of poison {unknown}
 q - a scroll of noise {unknown}
 t - a scroll of blinking {unknown}
 u - 2 scrolls of magic mapping {unknown}
 w - a scroll of summoning {unknown}
Potions
 c - a potion of magic {unknown}
 h - a potion of heal wounds {@q2}
 i - a potion of brilliance {unknown}
 l - 2 potions of degeneration {unknown}
 p - a potion of haste {unknown}
 r - a potion of invisibility
 s - a potion of mutation {unknown}
 v - a potion of flight {unknown}


   Skills:
 - Level 5.0 Fighting
 + Level 6.5 Dodging
 - Level 7.0 Stealth
 - Level 9.0 Unarmed Combat
 - Level 3.0 Spellcasting
 - Level 6.0 Transmutations
 - Level 2.0 Ice Magic
 - Level 2.0 Evocations


You had 5 spell levels left.
You knew the following spells:

 Your Spells              Type           Power      Damage    Failure   Level
a - Beastly Appendage     Tmut           42%        N/A       7%          1
b - Spider Form           Tmut/Pois      12%        N/A       34%         3
c - Ice Form              Ice/Tmut       15%        N/A       56%         4

Your spell library contained the following spells:

 Spells                   Type           Power      Damage    Failure   Level
 Wereblood                Tmut           21%        N/A       9%          2
 Freeze                   Ice            32%        1d5       22%         1
 Animate Skeleton         Necr           4%         N/A       38%         1
 Pain                     Necr           8%         1d4       38%         1
 Frozen Ramparts          Ice            16%        1d3       45%         3
 Vampiric Draining        Necr           2%         2d6       71%         3
 Hailstorm                Conj/Ice       5%         3d4       90%         4


Dungeon Overview and Level Annotations

Branches:
Dungeon (9/15)             Temple (1/1) D:5
   Lair: D:8-11         Orc: D:9-12

Altars:
Ashenzari
Cheibriados
Dithmenos
Elyvilon
Fedhas
Gozag
Hepliaklqana
Kikubaaqudgha
Makhleb
Nemelex Xobeh
Okawaru
Ru
Sif Muna
Uskayaw
Vehumet
Wu Jian
Yredelemnul
Zin
The Shining One

Annotations:
D:2 1 runed translucent door, Crazy Yiuf
D:3 Grinder
D:5 2 runed translucent doors, exclusion: wyvern
D:6 Maggie, Menkaure
D:8 exclusions: 6 doors, electric eel and two-headed ogre, Psyche


Innate Abilities, Weirdness & Mutations

You are a venomous arachnid creature.
You have poisonous fangs.
You are tiny and dextrous.
Your spellcasting is less reliable in this form.
((You have sharp claws.))
((You have razor-sharp teeth.))
You have supernaturally acute eyesight. (SInv)
((You cover ground quickly. (Speed+)))
((You are covered in thick fur. (AC +2)))
((Your paws help you pounce on unaware monsters.))
You are incapable of wielding weapons or throwing items.
You cannot wear armour.
You gain extra lives every three experience levels.


Message History

The spell is quite dangerous to miscast (16% risk of failure)!
Continue anyway?
You turn into a venomous arachnid creature.
Really crawl into a travel-excluded area?
Your magical contamination has completely faded away.
Found a stone staircase leading down.
Your transformation is almost over.
The helpless Psyche fails to defend herself.
You hit Psyche.
Psyche is poisoned.
Psyche is lightly wounded.
Psyche mumbles some strange words.
A swirling arc of seething chaos appears!
The arc of chaos hits you!
You are poisoned.
You hit Psyche but do no damage.
Psyche looks as sick as possible!
Psyche is lightly wounded.
You feel sick.
Psyche casts a spell.
A swirling arc of seething chaos appears!
The arc of chaos hits you.
You hit Psyche.
Psyche looks as sick as possible!
Psyche is moderately wounded.
You feel sick. Psyche closely misses you.
You hit Psyche.
Psyche looks as sick as possible!
Psyche is moderately wounded.
You feel sick.
Psyche hits you with a +4 dagger of chaos!
* * * LOW HITPOINT WARNING * * *
You bite Psyche!
Psyche looks as sick as possible!
Psyche is severely wounded.
You feel sick.
Psyche points at you and mumbles some strange words.
You easily resist.
Psyche hits you with a +4 dagger of chaos.
* * * LOW HITPOINT WARNING * * *
Okay, then.
You feel sick.
Psyche zaps a wand.
The puff of flame misses you.
You feel sick.
Psyche laughs secretively.
Psyche zaps a wand.
The puff of flame hits you!
You die...

.........#.....# #.......≈≈≈....
.........#.....####.....###≈###..
........).)....'.#....### #≈# ###
##########)....#.#....# .≈. #
#.....#.#....# #.≈.# #
#.....#.#....# +.≈.. #
#.....#.#....# ≈.## #
#######.##...# ≈.. # #s#....# #
#.#....# # #.#....# #
>.......@....# #
.............####+++####
.........#........≈.....
.........#........≈.....
#######+## .......≈..... #.....#
.....≈≈≈....


You could see Psyche (extremely poisoned).

Vanquished Creatures
  Prince Ribbit (D:8)
  A water moccasin (D:5)
  2 sky beasts
  A black bear (D:6)
  3 ogres
  3 centaurs
  A phantom (D:7)
  2 kobold brigands
  A bullfrog (D:8)
  3 necrophages (D:4)
  A gnoll sergeant (D:6)
  3 scorpions
  9 wights
  2 jellies (D:6)
  2 gnoll shamans (D:7)
  3 hounds
  3 orc priests
  An iguana (D:4)
  7 orc wizards
  Robin (D:2)
  22 gnolls
  7 adders
  A river rat (D:6)
  A white imp (D:7)
  2 worms
  2 dart slugs
  36 orcs
  4 bats
  4 endoplasms
  4 giant cockroaches
  11 goblins
  8 hobgoblins
  2 jackals (D:1)
  8 kobolds
  3 quokkas
  8 ball pythons
  8 rats
181 creatures vanquished.

Notes
Turn   | Place    | Note
-------+----------+-------------------------------------------
     0 | D:1      | Kenran the Felid Transmuter began the quest for the Orb.
     0 | D:1      | Reached XP level 1. HP: 9/9 MP: 4/4
   244 | D:1      | Reached XP level 2. HP: 12/12 MP: 4/6
   281 | D:1      | Reached skill level 1 in Stealth
   478 | D:1      | You fall into a shaft and drop 1 floor!
   504 | D:2      | Noticed Robin
   519 | D:2      | Found a shadowy altar of Dithmenos.
   923 | D:2      | Found a runed translucent door.
   924 | D:2      | Noticed Crazy Yiuf
  1013 | D:2      | Reached XP level 3. HP: 16/16 MP: 5/7
  1283 | D:2      | Reached skill level 4 in Unarmed Combat
  1541 | D:2      | Killed Robin
  1542 | D:2      | Reached XP level 4. HP: 19/19 MP: 6/8
  2596 | D:2      | Found a shadowy altar of Dithmenos.
  3026 | D:2      | Found a runed translucent door.
  3524 | D:2      | Found a shadowy altar of Dithmenos.
  3641 | D:2      | Found a runed translucent door.
  4204 | D:3      | Noticed Grinder
  4240 | D:3      | Found a faded altar of an unknown god.
  4354 | D:3      | Reached skill level 5 in Unarmed Combat
  4525 | D:3      | Reached XP level 5. HP: 14/22 MP: 9/9
  4688 | D:3      | Learned a level 3 spell: Spider Form
  5527 | D:3      | HP: 1/23 [orc wizard/magic dart (10)]
  5952 | D:4      | Killed from afar by an orc priest
  5953 | D:4      | Reached XP level 4. HP: -4/20 MP: 8/8
  5966 | D:4      | Reached XP level 5. HP: 23/23 MP: 7/9
  6304 | D:4      | Gained mutation: You are covered in thick fur. (AC +2)
                  | [Felid growth]
  6304 | D:4      | Reached XP level 6. HP: 20/28 MP: 8/10
  6307 | D:4      | Reached skill level 6 in Unarmed Combat
  7181 | D:4      | Identified the +1 scale mail "Erchiah" {rC+}
  7209 | D:5      | Entered Level 5 of the Dungeon
  7336 | D:5      | Found a large runed translucent door.
  7343 | D:5      | Found a large runed translucent door.
  7364 | D:5      | Found a staircase to the Ecumenical Temple.
  7378 | Temple   | Entered the Ecumenical Temple
  7853 | D:5      | Reached skill level 5 in Stealth
  7853 | D:5      | Reached XP level 7. HP: 25/31 MP: 11/11
  8161 | D:5      | Learned a level 4 spell: Ice Form
  8305 | D:5      | Noticed a wyvern
  8458 | D:5      | Reached skill level 7 in Unarmed Combat
  9608 | D:6      | Reached skill level 5 in Dodging
  9795 | D:6      | Noticed Menkaure
  9820 | D:6      | Reached XP level 8. HP: 28/36 MP: 10/12
 10267 | D:6      | Reached skill level 8 in Unarmed Combat
 10267 | D:6      | Reached skill level 1 in Evocations
 10322 | D:6      | Noticed Maggie
 11627 | D:6      | Reached skill level 9 in Unarmed Combat
 12855 | D:7      | Reached skill level 5 in Transmutations
 12878 | D:7      | Reached XP level 9. HP: 39/39 MP: 9/13
 12953 | D:7      | Reached skill level 1 in Ice Magic
 13212 | D:7      | Found a sparkling altar of Nemelex Xobeh.
 13388 | D:7      | Found a radiant altar of Vehumet.
 13606 | Temple   | Became a worshipper of Ru the Awakened
 13779 | D:8      | Noticed Prince Ribbit
 13782 | D:8      | Killed Prince Ribbit
 13833 | D:8      | Found a snail-covered altar of Cheibriados.
 14085 | D:8      | Noticed Psyche
 14290 | D:8      | Noticed a two-headed ogre
 14831 | D:8      | Reached skill level 5 in Fighting
 15545 | D:8      | Slain by a killer bee
 15546 | D:8      | Reached XP level 8. HP: -3/37 MP: 13/13
 15603 | D:8      | Killed from afar by Psyche

Illustrated notes

Levels and vault maps discovered:
D:1:      heliophobic_arrival_henge, layout_basic
D:2:      layout_loops_ring, basic_altar, minmay_misc_feat_tower,
          minmay_liquid_box, uniq_crazy_yiuf_cottage, uniq_robin
D:3:      layout_basic, dreamdust_ecumenical_altar_angels_and_demons,
          minmay_pentomino_pile, uniq_grinder
D:4:      layout_loops_ring, kennysheep_pointless_box
D:5:      layout_loops_ring, jmf_multi_god_temple2, minmay_temple_entry_ruins,
          serial_co_window_serial, co_window_paths_a, co_window_corner_a,
          co_window_paths_a, co_window_paths_a, co_window_paths_a,
          co_window_broadway_b, co_window_unsneaky_path_d,
          co_window_of_opportunity_c, co_window_unsneaky_path_b,
          co_window_corner_cb, co_window_broadway_a, glass_columns_a,
          glass_columns_a, glass_columns_b, glass_columns_b, glass_columns_c
D:6:      layout_layer_cave, portal_sewer_entry_b, uniq_menkaure, uniq_maggie
D:7:      layout_rooms, mainiacjoe_overflow_swirl, serial_curves,
          eino_curves_01, eino_curves_01, eino_curves_02, eino_curves_01,
          minmay_misc_feat_iff
D:8:      argonaut_augean_stables, layout_basic, marbit_many_paths, eino_jars,
          uniq_prince_ribbit1, uniq_psyche
D:9:      layout_loops_ring, trog_wizard, orc_0_dummy, minmay_misc_feat_chi,
          uniq_erolcha
Temple:   regret_index_temple_generic_petals

Skill      XL: |  1  2  3  4  5  6  7  8  9 |
---------------+----------------------------+-----
Stealth        | 1 2 3 5 6 7 |  7.0
Dodging        | 3 4 5 6 |  6.5
Fighting       | 2 3 4 5 |  5.0
Unarmed Combat | 4 5 6 7 9 |  9.0
Transmutations | 4 5 6 |  6.0
Evocations     | 2 |  2.0
Ice Magic      | 2 |  2.0
Spellcasting   | 3 |  3.0

Action                   |  1- 3 |  4- 6 |  7- 9 || total
-------------------------+-------+-------+-------++-------
Melee: Unarmed           |    83 |   243 |   352 ||   678
       Headbutt          |    13 |    32 |    16 ||    61
       Bite              |    11 |    25 |    24 ||    60
       Punch             |     3 |     8 |    12 ||    23
 Cast: Beastly Appendage |    12 |    26 |    15 ||    53
       Spider Form       |       |       |    17 ||    17
  Use: Potion            |     1 |     2 |     5 ||     8
       Scroll            |       |     2 |     3 ||     5
 Stab: Sleeping          |     8 |     9 |    12 ||    29
       Distracted        |       |       |     1 ||     1
Armor: Skin              |     6 |    24 |    42 ||    72
Dodge: Dodged            |    48 |   133 |   377 ||   558

Table legend: (Time is in decaauts)
 A = Elapsed time spent in this place.
 B = Non-inter-level travel time spent in this place.
 C = Inter-level travel time spent in this place.
 D = Time resting spent in this place.
 E = Time spent auto-exploring this place.
 F = Levels seen in this place.
 G = Mean time per level.
                   A        B        C        D        E       F      G
               +--------+--------+--------+--------+--------+-----+--------+
         Total |  13705 |  13196 |    509 |   5014 |   5428 |  10 | 1370.5 |
       Dungeon |  13445 |  13022 |    423 |   5014 |   5264 |   9 | 1493.9 |
        Temple |    259 |    174 |     85 |      0 |    164 |   1 |  259.0 |
               +--------+--------+--------+--------+--------+-----+--------+

Top non-repeatable levels by time:
     D:2: 2777 daAuts
     D:5: 2469 daAuts
     D:6: 2305 daAuts
     D:3: 1634 daAuts
     D:8: 1616 daAuts
     D:4: 1132 daAuts
     D:1: 765 daAuts
     D:7: 733 daAuts
  Temple: 259 daAuts
     D:9: 11 daAuts
